 Dungeon Sprint DCSS version 0.27-a0-577-ge2a43ba0c9 (webtiles) character file.

Game seed: 11403577694226031611

3129 sahdkjhfkaj the Metallomancer (level 9, 0/45 HPs)
             Began as a Gargoyle Earth Elementalist on Mar 10, 2021.
             Was the Champion of Vehumet.
             Killed by the air
             ... invoked by a spriggan air mage
              (20 damage)
             ... in the Dungeon (Sprint VII: "The Pits").
             The game lasted 00:03:35 (1582 turns).

sahdkjhfkaj the Metallomancer (GrEE)                Turns: 1582, Time: 00:03:36

Health: 0/45       AC: 11    Str: 12    XL:     9   Next: 92%
Magic:  5/12       EV: 12    Int: 19    God:    Vehumet [******]
Gold:   0          SH:  0    Dex: 13    Spells: 6/12 levels left

rFire    . . .     SeeInvis .   a - +2 scimitar (holy)
rCold    . . .     Faith    .   (no shield)
rNeg     + . .     Spirit   .   c - +0 robe
rPois    ∞         Reflect  .   (no helmet)
rElec    +         Harm     .   (no cloak)
rCorr    .         Rampage  .   (no gloves)
Will     .....     NoTele   +   (no boots)
Stlth    ++........             (no amulet)
HPRegen  0.15/turn              f - +3 ring of protection
MPRegen  0.13/turn              e - +3 ring of dexterity

@: no status effects
A: negative energy resistance 1, electricity resistance, torment resistance 1,
unbreathing 1, petrification resistance, AC +6
a: Renounce Religion


You were in the Dungeon.
You worshipped Vehumet.
Vehumet was exalted by your worship.
You visited 1 branch

Inventory:

Hand Weapons
 a - a +2 scimitar of holy wrath (weapon)
Missiles
 b - 6 poisoned darts
 s - 24 stones
Armour
 c - a +0 robe (worn)
Jewellery
 e - a +3 ring of dexterity (right hand)
 f - a +3 ring of protection (left hand)
Scrolls
 d - 5 scrolls of amnesia
 D - a scroll of blinking
Potions
 B - a potion of brilliance
 H - 3 potions of haste
 I - a potion of invisibility
 J - 6 potions of curing {@q1}
 M - a potion of might
 N - 7 potions of heal wounds {@q2}
 Q - a potion of magic
 T - a potion of berserk rage
 U - a potion of mutation


   Skills:
 - Level 1.5 Dodging
 - Level 2.1 Stealth
 - Level 2.0 Spellcasting
 - Level 0.7 Transmutations
 + Level 23.4 Earth Magic


You had 6 spell levels left.
You knew the following spells:

 Your Spells              Type           Power      Damage    Failure   Level
a - Sandblast             Erth           100%       2d20      0%          1
e - Lee's Rapid Deconstr  Erth           37%        3d19*     1%          5

Your spell library contained the following spells:

 Spells                   Type           Power      Damage    Failure   Level
 Fulminant Prism          Conj/Hex       0%         3d6       38%         4
 Passwall                 Tmut/Erth      39%        N/A       1%          2
 Stone Arrow              Conj/Erth      92%        3d12      1%          3
 Petrify                  Tmut/Erth      47%        N/A       1%          4


Dungeon Overview and Level Annotations

Branches:
Dungeon (1/1)

Altars:
Ashenzari
Cheibriados
Dithmenos
Elyvilon
Fedhas
Gozag
Hepliaklqana
Kikubaaqudgha
Makhleb
Nemelex Xobeh
Okawaru
Qazlal
Ru
Sif Muna
Trog
Uskayaw
Vehumet
Wu Jian
Xom
Yredelemnul
Zin
The Shining One
Beogh
Jiyva
Lugonu


Innate Abilities, Weirdness & Mutations

Your stone body is resilient. (AC +6)
You are immune to poison.
You resist negative energy. (rN+)
You are resistant to electric shocks. (rElec)
You are resistant to unholy torment.
You can survive without breathing.
You are immune to petrification.


Message History

The basilisk gazes at you.
You are unaffected.
Your Earth Magic skill increases to level 23!
An orc comes into view.
Unknown command.
Unknown command.
The orc shouts!
The death knight offers itself to Yredelemnul, and fills with unholy energy.
There is a huge open gate to the Grid Vault (Hard) here.
There is a huge open gate to the Grid Vault (Hard) here.
The spriggan air mage casts a spell at you.
The bolt of lightning hits you! You resist.
The spriggan air mage waves its arms in wide circles.
The air twists around and strikes you!!
* * * LOW HITPOINT WARNING * * *
The death knight mumbles some strange prayers to Yredelemnul against you.
Your body is wracked with pain!
* * * LOW HITPOINT WARNING * * *
You feel much better.
The death knight's dark mirror aura disappears.
The spriggan air mage waves its arms in wide circles.
The air twists around and strikes you!
* * * LOW HITPOINT WARNING * * *
Unknown command.
Unknown command.
The spriggan air mage waves its arms in wide circles.
The air twists around and strikes you!
* * * LOW HITPOINT WARNING * * *
The basilisk gazes at you. You resist with some effort.
Unknown command.
Unknown command.
Unknown command.
The basilisk gazes at you. You resist with some effort.
Unknown command.
You feel much better.
The spriggan air mage waves its arms in wide circles.
The air twists around and strikes you!!
You die...

.#########)##### ############
................ #_________.#
................ #_________.#
########''######
#_______...###########''######
##########'##......o.........#
#.?..')))'.##......#..#......#
##########.##..i.............+
#........)))'@p...l..........+
#'#####'#####.....O#..#......#
#.#.)#..#..##.....†..........#
#.#..'..#))#####'#####†'######
#.#..####))##.......##''#
#.#..#..#))##.......##.)#
#.#..#..#[[##.......##..#
#.##'#).#'###...<...##.[####
#.#...†....##.......##..#..###


You could see a death knight, a two-headed ogre, a spriggan air mage (repels
missiles), a basilisk and an orc wizard.

Vanquished Creatures
  A spriggan berserker (D)
  A deep elf zephyrmancer (D)
  A necromancer (D)
  A freezing wraith (D)
  A tyrant leech (D)
  A shadow (D)
  A wraith (D)
  A basilisk (D)
  A soldier ant (D)
  A water moccasin (D)
  An orc warrior (D)
  A necrophage (D)
  A phantom (D)
  A kobold brigand (D)
  Dowan (D)
  A crimson imp (D)
  An iron imp (D)
  An iguana (D)
  3 gnolls (D)
  An adder (D)
  2 river rats (D)
  2 leopard geckos (D)
  3 orcs (D)
  2 bats (D)
  A giant cockroach (D)
  A goblin (D)
  A hobgoblin (D)
  2 rats (D)
36 creatures vanquished.

Vanquished Creatures (collateral kills)
  Duvessa (D)
  2 river rats (D)
3 creatures vanquished.

Grand Total: 39 creatures vanquished

Notes
Turn   | Place    | Note
-------+----------+-------------------------------------------
     0 | D        | sahdkjhfkaj the Gargoyle Earth Elementalist began the quest
                  | for the Orb.
     0 | D        | Reached XP level 1. HP: 10/10 MP: 3/3
    11 | D        | Reached skill level 4 in Earth Magic
    14 | D        | Found a bloodstained altar of Trog.
    14 | D        | Found a shimmering blue altar of Sif Muna.
    14 | D        | Found a viscous altar of Jiyva.
    14 | D        | Found a hazy altar of Hepliaklqana.
    14 | D        | Found an opulent altar of Gozag.
    15 | D        | Found a glowing golden altar of the Shining One.
    15 | D        | Found a glowing silver altar of Zin.
    15 | D        | Found a shimmering altar of Xom.
    15 | D        | Found an ornate altar of the Wu Jian Council.
    15 | D        | Found a sacrificial altar of Ru.
    15 | D        | Found a stormy altar of Qazlal.
    15 | D        | Found an iron altar of Okawaru.
    15 | D        | Found a sparkling altar of Nemelex Xobeh.
    15 | D        | Found a burning altar of Makhleb.
    15 | D        | Found a blossoming altar of Fedhas.
    15 | D        | Found a white marble altar of Elyvilon.
    15 | D        | Found a shadowy altar of Dithmenos.
    15 | D        | Found a snail-covered altar of Cheibriados.
    16 | D        | Found a radiant altar of Vehumet.
    16 | D        | Found a corrupted altar of Lugonu.
    17 | D        | Found a hide-covered altar of Uskayaw.
    17 | D        | Found an ancient bone altar of Kikubaaqudgha.
    17 | D        | Found a broken altar of Ashenzari.
    24 | D        | Became a worshipper of Vehumet
    64 | D        | Reached skill level 5 in Earth Magic
   103 | D        | Reached skill level 6 in Earth Magic
   103 | D        | Reached XP level 2. HP: 15/15 MP: 0/5
   157 | D        | Reached * piety under Vehumet
   157 | D        | Offered knowledge of Foxfire by Vehumet.
   158 | D        | Reached skill level 7 in Earth Magic
   161 | D        | Reached skill level 8 in Earth Magic
   161 | D        | Reached XP level 3. HP: 13/19 MP: 4/6
   164 | D        | HP: 1/28 [gnoll/+0 halberd (1)]
   450 | D        | Reached ** piety under Vehumet
   450 | D        | Offered knowledge of Freeze by Vehumet.
   454 | D        | Reached skill level 9 in Earth Magic
   504 | D        | Noticed Dowan
   505 | D        | Noticed Duvessa
   508 | D        | Killed Dowan
   508 | D        | Reached *** piety under Vehumet
   509 | D        | Reached skill level 10 in Earth Magic
   509 | D        | Reached XP level 4. HP: 23/24 MP: 2/7
   519 | D        | Killed Duvessa
   520 | D        | Reached skill level 12 in Earth Magic
   520 | D        | Reached XP level 5. HP: 13/28 MP: 3/8
   538 | D        | Learned a level 5 spell: Lee's Rapid Deconstruction
   693 | D        | Offered knowledge of Mephitic Cloud by Vehumet.
   693 | D        | Reached **** piety under Vehumet
   694 | D        | Reached skill level 13 in Earth Magic
   695 | D        | Noticed a water moccasin
   704 | D        | Killed a water moccasin
   705 | D        | Reached skill level 14 in Earth Magic
   705 | D        | Reached XP level 6. HP: 32/32 MP: 3/9
   802 | D        | Noticed a tyrant leech
   802 | D        | Noticed an orc warrior
   812 | D        | Reached ***** piety under Vehumet
   835 | D        | Killed a tyrant leech
   835 | D        | Offered knowledge of Ignite Poison by Vehumet.
   836 | D        | Reached skill level 16 in Earth Magic
   836 | D        | Reached XP level 7. HP: 22/36 MP: 10/10
   837 | D        | Reached skill level 17 in Earth Magic
  1036 | D        | Noticed a basilisk
  1038 | D        | Killed a basilisk
  1038 | D        | Offered knowledge of Inner Flame by Vehumet.
  1039 | D        | Reached skill level 18 in Earth Magic
  1117 | D        | Reached skill level 19 in Earth Magic
  1117 | D        | Reached XP level 8. HP: 41/41 MP: 4/11
  1180 | D        | Noticed a deep elf zephyrmancer
  1180 | D        | Noticed a wraith
  1190 | D        | Offered knowledge of Olgreb's Toxic Radiance by Vehumet.
  1193 | D        | Killed a wraith
  1194 | D        | Killed a deep elf zephyrmancer
  1194 | D        | Reached ****** piety under Vehumet
  1195 | D        | Reached skill level 20 in Earth Magic
  1453 | D        | Noticed a flayed ghost
  1459 | D        | Noticed a shadow
  1460 | D        | Killed a shadow
  1461 | D        | Reached skill level 21 in Earth Magic
  1461 | D        | Reached XP level 9. HP: 45/45 MP: 3/12
  1481 | D        | Offered knowledge of Fulminant Prism by Vehumet.
  1565 | D        | Noticed a rime drake
  1565 | D        | Noticed an iron troll
  1565 | D        | Noticed a two-headed ogre
  1565 | D        | Noticed a death knight
  1565 | D        | Noticed a necromancer
  1565 | D        | Noticed a freezing wraith
  1566 | D        | Identified the +8 quarterstaff of Eternal Harmony {vorpal,
                  | rC+ Dex+2}
  1567 | D        | Killed a necromancer
  1567 | D        | Identified the ring of the Dripping Traitor {+Fly rPois
                  | rN+}
  1567 | D        | Noticed a spriggan air mage
  1567 | D        | Noticed a merfolk
  1567 | D        | Noticed a spriggan berserker
  1568 | D        | Reached skill level 22 in Earth Magic
  1568 | D        | Noticed an ettin
  1568 | D        | Killed a spriggan berserker
  1568 | D        | Killed a freezing wraith
  1569 | D        | Reached skill level 23 in Earth Magic
  1582 | D        | Killed from afar by a spriggan air mage

Illustrated notes

Levels and vault maps discovered:
D:        pitsprint [storerooms_1, entrance_room_1, metal_vault_1, armoury_3,
          mini_pit_1, grid_room_1, main_hall_1, silver_pit, the_coven_3,
          the_vestibule_1, steel_vault_3, golden_pit, hallway_of_sentries,
          crystal_vault_2, iron_vault_4, final_vault]

Skill      XL: |  1  2  3  4  5  6  7  8  9 |
---------------+----------------------------+-----
Earth Magic    | 6 8 10 12 14 16 19 21 23 | 23.4
Dodging        | |  1.5
Stealth        | |  2.1
Spellcasting   | |  2.0
Transmutations | |  0.7

Action                   |  1- 3 |  4- 6 |  7- 9 || total
-------------------------+-------+-------+-------++-------
Melee: Falchion          |    13 |       |       ||    13
       Long sword        |       |     2 |     2 ||     4
       Scimitar          |       |       |     1 ||     1
 Cast: Sandblast         |    16 |       |       ||    16
       Lee's Rapid Decon |       |     5 |    19 ||    24
  Use: Potion            |     4 |     1 |     5 ||    10
       Scroll            |       |     1 |       ||     1
Armor: Robe              |     5 |     5 |     4 ||    14
Dodge: Dodged            |    21 |     5 |     2 ||    28
       Rpst.: Falchion   |     4 |       |       ||     4
       Scimitar          |       |       |     1 ||     1

Table legend: (Time is in decaauts)
 A = Elapsed time spent in this place.
 B = Non-inter-level travel time spent in this place.
 C = Inter-level travel time spent in this place.
 D = Time resting spent in this place.
 E = Time spent auto-exploring this place.
 F = Levels seen in this place.
 G = Mean time per level.
                   A        B        C        D        E       F      G
               +--------+--------+--------+--------+--------+-----+--------+
         Total |   1616 |   1532 |     84 |    939 |    179 |   1 | 1616.0 |
       Dungeon |   1616 |   1532 |     84 |    939 |    179 |   1 | 1616.0 |
               +--------+--------+--------+--------+--------+-----+--------+

Top non-repeatable levels by time:
       D: 1616 daAuts
